 Dungeon Crawl Stone Soup version 0.27-a0-1359-ga2a4dfd6fd (webtiles) character file.

Game seed: 5406350434088624817

6601 basicallysejuani the Grappler (level 10, -19/100 HPs)
             Began as a Troll Monk on June 29, 2021.
             Was a Priest of Uskayaw.
             Engulfed by a cloud of flame (31 damage)
             ... on level 9 of the Dungeon.
             The game lasted 00:43:32 (7753 turns).

basicallysejuani the Grappler (Troll Monk)          Turns: 7753, Time: 00:43:33

Health: -19/100    AC:  4    Str: 22    XL:     10   Next: 71%
Magic:  3/11       EV: 10    Int:  8    God:    Uskayaw [***...]
Gold:   506        SH: 10    Dex: 12    Spells: 9/9 levels left

rFire    . . .     SeeInvis .     - Unarmed
rCold    . . .     Faith    +   t - +0 kite shield
rNeg     . . .     Spirit   .   a - +0 robe
rPois    .         Reflect  .   (helmet restricted)
rElec    .         Harm     .   F - scarf {repulsion}
rCorr    .         Rampage  .   (gloves unavailable)
Will     .....                  (boots unavailable)
Stlth    ++........             g - amulet of faith
HPRegen  1.26/turn              H - ring of wizardry
MPRegen  0.12/turn              (no ring)

@: repel missiles
A: large, unfitting armour, claws 3, regeneration 1, shaggy fur 1, tough skin 1
a: Renounce Religion, Stomp, Line Pass


You were on level 9 of the Dungeon.
You worshipped Uskayaw.
Uskayaw was noncommittal.
You visited 1 branch of the dungeon, and saw 9 of its levels.

You collected 506 gold pieces.

Inventory:

Hand Weapons
 u - a +0 whip of freezing
 w - a +2 dagger of venom
 y - a +2 quarterstaff of chaos
 D - a +2 war axe of electrocution
Missiles
 k - 12 javelins
 x - 22 poisoned darts
 B - 3 large rocks (quivered)
 E - 5 boomerangs
Armour
 a - a +0 robe (worn)
 n - a +0 cloak
 t - a +0 kite shield (worn)
 z - a +2 cloak
 F - a scarf of repulsion (worn)
Jewellery
 g - an amulet of faith (around neck)
 H - a ring of wizardry (left claw)
Wands
 f - a wand of paralysis (7)
 j - a wand of digging (4)
 C - a wand of iceblast (3)
 J - a wand of acid (10)
Scrolls
 c - a scroll of immolation
 i - a scroll of magic mapping
 l - a scroll of fog
 o - a scroll of brand weapon {unknown}
 p - 3 scrolls of noise
 r - 2 scrolls of teleportation {unknown}
 s - a scroll of acquirement {unknown}
 G - a scroll of summoning {unknown}
 I - a scroll of enchant weapon {unknown}
 K - a scroll of torment {unknown}
Potions
 d - a potion of mutation
 e - 4 potions of magic
 m - 4 potions of might
 v - a potion of lignification
 L - a potion of resistance


   Skills:
 - Level 6.5 Fighting
 - Level 4.3 Throwing
 - Level 2.4 Dodging
 - Level 1.0 Stealth
 - Level 7.8 Shields
 - Level 10.1 Unarmed Combat
 + Level 3.0 Invocations


You had 9 spell levels left.
You didn't know any spells.
Your spell library contained the following spells:

 Spells                   Type           Power      Damage    Failure   Level
 Sandblast                Erth           0%         2d4       22%         1
 Sting                    Tmut/Pois      0%         1d3       22%         1
 Passwall                 Tmut/Erth      0%         N/A       32%         2
 Poisonous Vapours        Pois/Air       0%         N/A       32%         2
 Ignite Poison            Fire/Tmut/Pois 0%         N/A       52%         3
 Mephitic Cloud           Conj/Pois/Air  0%         N/A       52%         3
 Stone Arrow              Conj/Erth      0%         3d7       52%         3
 Olgreb's Toxic Radiance  Pois           0%         N/A       89%         4
 Petrify                  Tmut/Erth      0%         N/A       89%         4
 Lee's Rapid Deconstruct  Erth           0%         3d5*      99%         5


Dungeon Overview and Level Annotations

Branches:
Dungeon (9/15)             Temple (0/1) D:7
   Lair: D:8-11         Orc: D:9-12

Altars:
Dithmenos
Fedhas
Nemelex Xobeh
Qazlal
Sif Muna
Uskayaw
Beogh

Shops:
D:2 =

Annotations:
D:3 sigmund


Innate Abilities, Weirdness & Mutations

You are too large for most types of armour.
You have claws for hands.
Your natural rate of healing is unusually fast.
You are covered in fur. (AC +1)
You have tough skin. (AC +1)


Message History

You smack the orc priest!
The orc priest explodes!
The fiery explosion engulfs the orc warrior!!
The fiery explosion engulfs you!
* * * LOW HITPOINT WARNING * * *
The orc warrior explodes!
The fiery explosion engulfs the orc! x2; The fiery explosion engulfs you!!
* * * LOW HITPOINT WARNING * * *
The fiery explosion engulfs the orc!!!
The fiery explosion engulfs the orc warrior!!
Flame seeps out of the orc warrior.
The orc warrior is almost dead.
The orc explodes!
The fiery explosion engulfs the orc!!!
The fiery explosion engulfs the orc warrior!!
The fiery explosion engulfs the orc!!!
The fiery explosion engulfs the orc!!
The fiery explosion engulfs you but does no damage.
The orc explodes!
The fiery explosion engulfs the orc!!
The fiery explosion engulfs the orc!!!
The orc explodes! x3; The orc warrior explodes!
The fiery explosion engulfs you.
* * * LOW HITPOINT WARNING * * *
The orc explodes! x3
You are engulfed in blazing flames.
Uskayaw will force your foes to helplessly watch your dance.
Your Invocations skill increases to level 3!
You feel better.
You are engulfed in blazing flames.
* * * LOW HITPOINT WARNING * * *
You feel better.
You are engulfed in blazing flames.
You feel better.
You are engulfed in blazing flames.
* * * LOW HITPOINT WARNING * * *
Your magical effects are unravelling.
You feel magically purged.
You are engulfed in blazing flames.
You feel less wooden.
Your scarf of repulsion unmelds from your body.
Your +0 robe unmelds from your body.
You are surrounded by a repulsion field.
You feel yourself slow down.
You are engulfed in blazing flames.
You die...

......#
##...........#
......#
#######........##
......#
#.....#........#
......#
#...§§#........#
.)....#
#.§§§§##......##
......#
#.§§§§##......#
......#
#.§§§§#......##
......#
#_§§§§#.###..#
......##########@###
#..#
......[).......#.#
#..#
......####.......#
##.# ......#
##......## #.#
......# #.....###
#.# .....## #..####
#.# ###### ##.##
#.###### # #..#
#.#....## ##.##
#.......#


There were no monsters in sight!

Vanquished Creatures
  A boulder beetle (D:7)
  Pikel (D:4)
  Sigmund (D:3)
  10 yaks (D:9)
  A basilisk (D:9)
  An acid dragon (D:9)
  A water moccasin (D:5)
  2 orc warriors (D:9)
  4 ice beasts
  3 sky beasts
  A necrophage (D:4)
  4 ogres
  3 centaurs
  2 elf zombies (D:7)
  A kobold brigand (D:7)
  2 bullfrogs
  A scorpion (D:6)
  A wyvern zombie (D:7)
  A water moccasin zombie (D:7)
  An elf skeleton (D:7)
  3 howler monkeys
  8 wights
  A bullfrog zombie (D:5)
  2 hounds (D:5)
  A human zombie (D:7)
  A jelly (D:7)
  4 centaur zombies
  2 orc priests
  Crazy Yiuf (D:3)
  A centaur skeleton (D:5)
  Natasha (thrice) (D:4)
  A human skeleton (D:7)
  3 iguanas
  5 orc wizards
  A howler monkey zombie (D:9)
  10 adders
  A white imp (D:6)
  An ufetubus (D:4)
  2 adder skeletons (D:4)
  2 worms
  A dart slug (D:4)
  55 orcs
  5 ball pythons
  6 bats
  11 endoplasms
  7 giant cockroaches
  5 hobgoblins
  9 jackals
  10 quokkas
  2 frilled lizards (D:1)
  9 goblins
  5 kobolds
  An orc skeleton (D:7)
  2 rats (D:2)
223 creatures vanquished.

Notes
Turn   | Place    | Note
-------+----------+-------------------------------------------
     0 | D:1      | basicallysejuani the Troll Monk began the quest for the
                  | Orb.
     0 | D:1      | Reached XP level 1. HP: 22/22 MP: 0/0
    69 | D:1      | Reached XP level 2. HP: 27/29 MP: 1/1
   223 | D:1      | Found a faded altar of an unknown god.
   228 | D:1      | Became a worshipper of Uskayaw the Reveller
   228 | D:1      | Reached * piety under Uskayaw
   228 | D:1      | Reached ** piety under Uskayaw
   379 | D:1      | Reached skill level 4 in Unarmed Combat
   663 | D:2      | Reached XP level 3. HP: 36/36 MP: 2/2
   892 | D:2      | Found Sushrowao's Jewellery Shop.
  1137 | D:2      | Reached skill level 1 in Invocations
  1420 | D:2      | You fall into a shaft and drop 1 floor!
  1424 | D:3      | Reached XP level 4. HP: 44/44 MP: 3/3
  1430 | D:3      | Reached *** piety under Uskayaw
  1432 | D:3      | Reached **** piety under Uskayaw
  1433 | D:3      | Reached ***** piety under Uskayaw
  1434 | D:3      | Reached skill level 5 in Unarmed Combat
  1450 | D:3      | Noticed Sigmund
  1511 | D:3      | Reached XP level 5. HP: 50/50 MP: 5/5
  1840 | D:3      | Found a shimmering blue altar of Sif Muna.
  1954 | D:4      | Noticed a necrophage
  1962 | D:4      | Killed a necrophage
  1963 | D:4      | Reached skill level 6 in Unarmed Combat
  1963 | D:4      | Reached XP level 6. HP: 53/59 MP: 6/6
  1996 | D:4      | Noticed Natasha
  2003 | D:4      | Killed Natasha
  2077 | D:4      | Noticed Pikel
  2105 | D:4      | Killed Pikel
  2106 | D:4      | Reached skill level 1 in Shields
  2106 | D:4      | Reached skill level 8 in Unarmed Combat
  2106 | D:4      | Reached XP level 7. HP: 51/66 MP: 3/7
  2549 | D:4      | Found a large runed translucent door.
  2556 | D:4      | Found a large runed translucent door.
  2556 | D:4      | Noticed Natasha
  2567 | D:4      | Killed Natasha
  2570 | D:4      | Found a shadowy altar of Dithmenos.
  2579 | D:4      | Found a sparkling altar of Nemelex Xobeh.
  2813 | D:3      | Killed Sigmund
  3106 | D:3      | Reached skill level 9 in Unarmed Combat
  3303 | D:3      | Found a runed translucent door.
  3304 | D:3      | Noticed Crazy Yiuf
  3312 | D:3      | Killed Crazy Yiuf
  3313 | D:3      | Reached XP level 8. HP: 54/74 MP: 8/8
  3511 | D:4      | Noticed Natasha
  3540 | D:4      | Killed Natasha
  3576 | D:5      | Entered Level 5 of the Dungeon
  4223 | D:5      | Reached skill level 10 in Unarmed Combat
  4856 | D:6      | Found a hide-covered altar of Uskayaw.
  5187 | D:7      | Reached skill level 1 in Throwing
  5187 | D:7      | Reached XP level 9. HP: 83/83 MP: 9/9
  5313 | D:7      | Found a staircase to the Ecumenical Temple.
  5333 | D:7      | Reached skill level 5 in Shields
  5381 | D:7      | Found a blossoming altar of Fedhas.
  5739 | D:7      | Noticed a boulder beetle
  5786 | D:7      | Killed a boulder beetle
  5948 | D:8      | Reached XP level 10. HP: 94/94 MP: 10/10
  6105 | D:8      | Reached skill level 5 in Fighting
  6719 | D:9      | Reached ****** piety under Uskayaw
  7550 | D:9      | Found a stormy altar of Qazlal.
  7753 | D:9      | Engulfed by a cloud of flame

Illustrated notes

Levels and vault maps discovered:
D:1:      dpeg_arrival_stone_temple_mockup, layout_loops_cross,
          shapermc_ecumenical_altar_venn
D:2:      layout_loops_corners, serial_shops, nicolae_shop_behind_doors,
          st_stairs_4, skrybe_limestone_x, kennysheep_potato
D:3:      layout_basic, overflow_temple_1_default, serial_glass,
          glass_columns_a, glass_columns_c, minmay_strange_pillars,
          minmay_strange_pillars, feat_on_display, minmay_strange_pillars,
          uniq_crazy_yiuf_cottage, uniq_sigmund
D:4:      layout_loops_cross, jmf_multi_god_temple2, grunt_ministairs_7,
          uniq_natasha, uniq_pikel
D:5:      wad_pebble_path, layout_basic, corexii_corridor_pit
D:6:      layout_gridville, nicolae_uskayaw_dance_hall
D:7:      layout_rooms, nicolae_overflow_crystal_walls, temple_statues,
          nicolae_ossuary_entry_catacombs, minmay_fractal_squares_diagonal_5
D:8:      layout_basic
D:9:      layout_cave_pods, lemuel_tele_altar, special_room [special_room_orc],
          serial_bayou_pond_d

Skill      XL: |  1  2  3  4  5  6  7  8  9 10 |
---------------+-------------------------------+-----
Unarmed Combat | 4 5 6 8 9 10 | 10.1
Invocations    | 1 3 |  3.0
Shields        | 1 2 4 6 7 |  7.8
Fighting       | 3 4 6 |  6.5
Throwing       | 1 4 |  4.3
Dodging        | |  2.4
Stealth        | |  1.0

Action                   |  1- 3 |  4- 6 |  7- 9 | 10-12 || total
-------------------------+-------+-------+-------+-------++-------
Melee: Unarmed           |   111 |    84 |   300 |   133 ||   628
       Punch             |     3 |     2 |       |       ||     5
Throw: Large rock        |       |       |     1 |     3 ||     4
Invok: Stomp             |       |     2 |     1 |     1 ||     4
       Line Pass         |       |       |       |     3 ||     3
  Use: Scroll            |       |       |     8 |     5 ||    13
       Potion            |       |       |     1 |    11 ||    12
 Stab: Sleeping          |     1 |     2 |     7 |       ||    10
       Paralysed         |       |     2 |    10 |     4 ||    16
Armor: Robe              |    25 |    22 |    65 |    19 ||   131
       Skin              |       |       |       |     5 ||     5
Dodge: Dodged            |    45 |    30 |    65 |    37 ||   177
       Repelled          |       |       |       |     1 ||     1
Block: Kite shield       |       |     6 |    97 |    52 ||   155

Table legend: (Time is in decaauts)
 A = Elapsed time spent in this place.
 B = Non-inter-level travel time spent in this place.
 C = Inter-level travel time spent in this place.
 D = Time resting spent in this place.
 E = Time spent auto-exploring this place.
 F = Levels seen in this place.
 G = Mean time per level.
                   A        B        C        D        E       F      G
               +--------+--------+--------+--------+--------+-----+--------+
         Total |   7720 |   6848 |    872 |    177 |   5198 |   9 |  857.8 |
       Dungeon |   7720 |   6848 |    872 |    177 |   5198 |   9 |  857.8 |
               +--------+--------+--------+--------+--------+-----+--------+

Top non-repeatable levels by time:
     D:3: 1042 daAuts
     D:9: 970 daAuts
     D:4: 960 daAuts
     D:2: 939 daAuts
     D:6: 854 daAuts
     D:8: 808 daAuts
     D:7: 777 daAuts
     D:5: 730 daAuts
     D:1: 638 daAuts
